 Dungeon Crawl Stone Soup version 0.18.1-47-g9310371 (webtiles) character file.

298 Ery the Cudgeler (level 6, -5/79 HPs)
             Began as a Minotaur Berserker on June 13, 2016.
             Was a Priest of Trog.
             Slain by an ogre
             ... wielding a +0 giant club
              (15 damage)
             ... on level 4 of the Dungeon.
             The game lasted 00:08:01 (3729 turns).

Ery the Cudgeler (Minotaur Berserker)               Turns: 3729, Time: 00:08:02

Health: -5/79      AC:  9    Str: 22    XL:     6   Next: 13%
Magic:  5/5        EV: 12    Int:  4    God:    Trog [***...]
Gold:   205        SH:  0    Dex: 12    Spells: 0 memorised, 5 levels left

rFire  . . .     SeeInvis .     a - +0 mace
rCold  . . .     Gourm    .     k - +0 ring mail
rNeg   . . .     Faith    .     (no shield)
rPois  .         Spirit   .     (helmet restricted)
rElec  .         Dismiss  .     d - +2 cloak
rCorr  .         Reflect  .     (no gloves)
SustAt .         Harm     .     (no boots)
MR     .....                    o - amulet of regeneration
Stlth  ..........               l - -4 ring of strength (curse)
                                g - ring of loudness (curse)

@: berserking, very quick, not resistant to hostile enchantments, extremely
unstealthy
A: retaliatory headbutt, horns 2
a: Berserk, Trog's Hand, Burn Spellbooks, Renounce Religion


You were on level 4 of the Dungeon.
You worshipped Trog.
Trog was most pleased with you.
You were hungry.

You visited 1 branch of the dungeon, and saw 4 of its levels.

You collected 205 gold pieces.

Inventory:

Hand Weapons
 a - a +0 mace (weapon)
Armour
 b - a +0 animal skin
 d - a +2 cloak (worn)
 k - a +0 ring mail (worn)
Jewellery
 e - an uncursed amulet of guardian spirit
 g - a cursed ring of loudness (left hand)
 l - a cursed -4 ring of strength (right hand)
 o - an amulet of regeneration (around neck)
 t - an uncursed amulet of magic regeneration
Wands
 m - a wand of flame (21/48)
 y - a wand of slowing (29/48)
Scrolls
 j - 2 scrolls of enchant weapon {unknown}
 n - a scroll of amnesia {unknown}
 q - a scroll of magic mapping {unknown}
 r - 5 scrolls of identify {unknown}
 s - a scroll of fear {unknown}
 v - 2 scrolls of teleportation {unknown}
 w - a scroll of immolation {unknown}
 A - 2 scrolls of remove curse {unknown}
Potions
 h - a potion of might {unknown}
 i - a potion of heal wounds {unknown}
 p - a potion of haste {unknown}
 u - a potion of magic {unknown}
 z - a potion of invisibility {unknown}
 B - a potion of flight {unknown}
Comestibles
 c - a bread ration
 f - 2 fruits
 x - a beef jerky


   Skills:
 * Level 4.4 Fighting
 * Level 5.4 Maces & Flails
 + Level 4.3 Armour
 + Level 4.2 Dodging
 - Level 0.8 Stealth


You had 5 spell levels left.
You didn't know any spells.

Dungeon Overview and Level Annotations

Branches:
Dungeon (4/15)             Temple (0/1) D:4

Altars:
Cheibriados
Gozag
Makhleb
Pakellas
Qazlal
Sif Muna

Shops:
D:4 *


Innate Abilities, Weirdness & Mutations

You reflexively headbutt those who attack you in melee.
You have a pair of horns on your head.


Message History

You hit the ogre.
The ogre is lightly wounded.
The ogre hits you with a giant club!
* * * LOW HITPOINT WARNING * * *
You are too injured to fight recklessly!
Unknown command.
An ogre is nearby!
You are too injured to fight recklessly!
An ogre is nearby!
Unknown command.
An ogre is nearby!
You are too injured to fight recklessly!
A red film seems to cover your vision as you go berserk!
You feel yourself moving faster!
You feel mighty!
You are feeling hungry.
The ogre closely misses you.
You hit the ogre.
The ogre is moderately wounded.
The ogre hits you with a giant club!
You die...

##### #########...#
#.........#.#
#.#######.#.#
##########.#######.#.#
###
####....................#
#..
..##.#####.##.#######...#
#.. .....#
##...#.#######...### #..
..####
#........@O........# ##.
.#####
##...######.##.....# ##.
.....# ##.## # #####..#
#.. .###.# #.# #..# #..
.# #.# #.#####..# #.. .#
##'## #........# ### .#
#.[.## #######.## .#
#####....## ### #.#
.####PPP##....## ##.###.#
#


You could see an ogre.

Vanquished Creatures
  A scorpion (D:3)
  A hound (D:3)
  A giant frog skeleton (D:4)
  An iron imp (D:4)
  An iguana (D:4)
  A worker ant (D:4)
  3 adders
  An ooze (D:3)
  A dart slug (D:1)
  3 giant geckos (D:1)
  3 ball pythons
  10 bats
  3 giant cockroaches
  8 goblins
  3 hobgoblins (D:1)
  10 jackals
  14 kobolds
  8 giant newts
  13 rats
86 creatures vanquished.

Vanquished Creatures (others)
  A plant (D:1)
1 creature vanquished.

Grand Total: 87 creatures vanquished

Notes
Turn   | Place    | Note
--------------------------------------------------------------
     0 | D:1      | Ery the Minotaur Berserker began the quest for the Orb.
     0 | D:1      | Reached XP level 1. HP: 19/19 MP: 0/0
   499 | D:1      | Reached XP level 2. HP: 26/27 MP: 1/1
   515 | D:1      | Reached skill level 4 in Maces & Flails
   901 | D:1      | Reached XP level 3. HP: 33/33 MP: 2/2
   914 | D:1      | Reached ** piety under Trog
  1478 | D:2      | Found a stormy altar of Qazlal.
  1747 | D:2      | Reached XP level 4. HP: 40/40 MP: 3/3
  2078 | D:2      | Reached *** piety under Trog
  2637 | D:3      | Found a burning altar of Makhleb.
  2641 | D:3      | Reached skill level 5 in Maces & Flails
  2901 | D:3      | Reached XP level 5. HP: 40/46 MP: 4/4
  3154 | D:4      | Paralysed by fainting for 6 turns
  3165 | D:4      | Paralysed by fainting for 5 turns
  3220 | D:4      | Found Lir Nutoo's Assorted Antiques.
  3258 | D:4      | Found an oddly glowing altar of Pakellas.
  3532 | D:4      | Reached XP level 6. HP: 47/53 MP: 5/5
  3536 | D:4      | Found a snail-covered altar of Cheibriados.
  3633 | D:4      | Found a deep blue altar of Sif Muna.
  3633 | D:4      | Found an opulent altar of Gozag.
  3702 | D:4      | Found a staircase to the Ecumenical Temple.
  3729 | D:4      | Slain by an ogre

Skill      XL: |  1  2  3  4  5 |
---------------+----------------+-----
Maces & Flails | 4 5 |  5.4
Fighting       | 4 |  4.4
Dodging        | 3 4 |  4.2
Armour         | 3 4 |  4.3
Stealth        | |  0.8

Action                   |  1- 3 |  4- 6 || total
-------------------------+-------+-------++-------
Melee: Mace              |   130 |    86 ||   216
       Headbutt          |    30 |    18 ||    48
Invok: Berserk           |     2 |     1 ||     3
  Eat: Chunk             |     3 |     6 ||     9
       Fruit             |     1 |     1 ||     2
Armor: Animal skin       |    15 |       ||    15
       Ring mail         |    25 |    47 ||    72
Dodge: Dodged            |    74 |    57 ||   131
